 Dungeon Crawl Stone Soup version 0.26-a0-810-ge1a9524b62 (webtiles) character file.

Game seed: 13230602869344988563

225 snetch the Chopper (level 6, -1/53 HPs)
             Began as a Hill Orc Monk on Nov 12, 2020.
             Was a Believer of Beogh.
             Succumbed to an orc's poison
             ... on level 4 of the Dungeon.
             The game lasted 00:09:20 (4615 turns).

snetch the Chopper (Hill Orc Monk)                  Turns: 4615, Time: 00:09:21

Health: -1/53      AC:  6    Str: 16    XL:     6   Next: 1%
Magic:  6/6        EV: 10    Int: 10    God:    Beogh [**....]
Gold:   122        SH:  0    Dex: 13    Spells: 5/5 levels left

rFire    . . .     SeeInvis .   a - +0 war axe
rCold    . . .     Faith    .   (no shield)
rNeg     . . .     Spirit   .   w - +0 scale mail
rPois    .         Reflect  .   (no helmet)
rElec    .         Harm     .   (no cloak)
rCorr    .         Rampage  .   (no gloves)
MR       .....                  (no boots)
Stlth    +.........             (no amulet)
HPRegen  0.17/turn              (no ring)
MPRegen  0.10/turn              (no ring)

@: lethally poisoned (-1 -> -42)
A: no striking features
a: Smiting, Renounce Religion


You were on level 4 of the Dungeon.
You worshipped Beogh.
Beogh was pleased with you.
You visited 1 branch of the dungeon, and saw 5 of its levels.

You collected 122 gold pieces.

Inventory:

Hand Weapons
 a - a +0 war axe (weapon)
 x - a cursed -1 halberd
 y - a +0 trident
Missiles
 c - 166 stones
 d - 15 poisoned darts (quivered)
 g - 38 bolts
 j - 8 boomerangs
 m - 22 arrows
 u - 14 sling bullets
Armour
 w - a +0 scale mail (worn)
Scrolls
 b - 3 scrolls of teleportation {unknown}
 e - a scroll of random uselessness {unknown}
 h - a scroll of immolation {unknown}
 i - a scroll of blinking {unknown}
 k - 4 scrolls of remove curse {unknown}
 l - 2 scrolls of enchant weapon {unknown}
 n - 3 scrolls of identify {unknown}
 o - a scroll of noise {unknown}
 s - a scroll of fog {unknown}
Potions
 f - a potion of heal wounds {unknown}
 p - a potion of magic {unknown}
 q - a potion of brilliance {unknown}
 r - a potion of lignification {unknown}
 t - a potion of degeneration {unknown}
 z - a potion of resistance {unknown}


   Skills:
 + Level 4.4 Fighting
 + Level 6.1 Axes
 + Level 2.6 Armour
 + Level 3.0 Dodging
 + Level 2.2 Stealth


You had 5 spell levels left.
You didn't know any spells.
Your spell library contained the following spells:

 Spells                   Type           Power        Failure   Level
 Animate Skeleton         Necr           #.....       80%         1
 Apportation              Tloc           #.....       80%         1
 Corona                   Hex            #......      80%         1
 Summon Small Mammal      Summ           #...         80%         1


Dungeon Overview and Level Annotations

Branches:
Dungeon (5/15)
 Temple: D:4-7

Altars:
Uskayaw


Message History

You are lethally poisoned!
The orc hits you with a +2 dagger of venom.
* * * LOW HITPOINT WARNING * * *
You are more poisoned.
You closely miss the orc.
The orc is severely wounded.
* * * LOW HITPOINT WARNING * * *
You feel very sick. The orc hits you but does no damage.
You are more poisoned.
You closely miss the orc.
The orc is severely wounded.
* * * LOW HITPOINT WARNING * * *
You feel very sick. The orc hits you but does no damage.
You are more poisoned.
Unknown command.
You completely miss the orc.
The orc is severely wounded.
You die...

......# #.#
#........# #.....#
#.# #........###..
#.....#
##+#+###..)..........
#.....#
#......#[######......
#......
#.............#......
#.............#......
#.............#......
#....o........#......
#...@.........#......
#...).........#......
#....>........#
#.............#
#......#'#####
#$.....#.# ####+### .
#


You could see an orc.

Vanquished Creatures
  A scorpion (D:4)
  An iguana (D:5)
  3 gnolls
  2 adders (D:3)
  A white imp (D:3)
  An ooze (D:4)
  2 worms
  3 dart slugs
  2 leopard geckos
  8 orcs
  6 bats
  2 giant cockroaches
  6 goblins
  9 hobgoblins
  3 quokkas
  4 frilled lizards
  10 kobolds
  10 rats
74 creatures vanquished.

Notes
Turn   | Place    | Note
-------+----------+-------------------------------------------
     0 | D:1      | snetch the Hill Orc Monk began the quest for the Orb.
     0 | D:1      | Reached XP level 1. HP: 19/19 MP: 1/1
   291 | D:1      | Reached XP level 2. HP: 27/27 MP: 2/2
   906 | D:1      | Reached XP level 3. HP: 33/33 MP: 3/3
  2041 | D:2      | Reached skill level 5 in Axes
  2372 | D:3      | Reached skill level 1 in Armour
  2372 | D:3      | Reached XP level 4. HP: 26/40 MP: 4/4
  3221 | D:3      | Found a hide-covered altar of Uskayaw.
  3573 | D:3      | Became a worshipper of Beogh the Brigand
  3573 | D:3      | Reached * piety under Beogh
  3573 | D:3      | Reached ** piety under Beogh
  3729 | D:2      | Reached XP level 5. HP: 33/46 MP: 5/5
  4271 | D:4      | Reached skill level 6 in Axes
  4597 | D:5      | Entered Level 5 of the Dungeon
  4605 | D:5      | Reached XP level 6. HP: 17/53 MP: 6/6
  4615 | D:4      | Succumbed to an orc's poison

Illustrated notes

Levels and vault maps discovered:
D:1:      minmay_arrival_shattered_statue, layout_basic
D:2:      layout_basic, wad_floor_pattern_1, mrwooster_statue_mirror
D:3:      layout_basic, eat_drink_and_be_merry_uskayaw,
          kennysheep_generic_room_15
D:4:      layout_basic, chequers_temple_overflow_statue_of_worship,
          temple_statues, serial_shops, shop, gammafunk_ghost_gnarly_gnolls,
          uniq_sigmund, uniq_natasha
D:5:      layout_basic

Skill      XL: |  1  2  3  4  5 |
---------------+----------------+-----
Axes           | 5 6 |  6.1
Fighting       | 4 |  4.4
Stealth        | 2 |  2.2
Armour         | 1 2 |  2.6
Dodging        | 3 |  3.0

Action                   |  1- 3 |  4- 6 || total
-------------------------+-------+-------++-------
Melee: Hand axe          |   148 |       ||   148
       War axe           |    12 |   116 ||   128
Invok: Convert to Beogh  |       |     1 ||     1
  Use: Potion            |     1 |     1 ||     2
 Stab: Sleeping          |     5 |     2 ||     7
Armor: Robe              |    10 |       ||    10
       Ring mail         |    35 |    14 ||    49
       Scale mail        |       |    16 ||    16
Dodge: Dodged            |    80 |    88 ||   168

Table legend: (Time is in decaauts)
 A = Elapsed time spent in this place.
 B = Non-inter-level travel time spent in this place.
 C = Inter-level travel time spent in this place.
 D = Time resting spent in this place.
 E = Time spent auto-exploring this place.
 F = Levels seen in this place.
 G = Mean time per level.
                   A        B        C        D        E       F      G
               +--------+--------+--------+--------+--------+-----+--------+
         Total |   4662 |   4441 |    221 |    606 |   2911 |   5 |  932.4 |
       Dungeon |   4662 |   4441 |    221 |    606 |   2911 |   5 |  932.4 |
               +--------+--------+--------+--------+--------+-----+--------+

Top non-repeatable levels by time:
     D:3: 1475 daAuts
     D:2: 1382 daAuts
     D:1: 1377 daAuts
     D:4: 414 daAuts
     D:5: 12 daAuts
